 Dungeon Crawl Stone Soup version 0.28-a0-932-g843f935a50 (webtiles) character file.

Game seed: 1583384272393111779

3215 sum1won the Slicer (level 10, 0/65 HPs)
             Began as a Kobold Delver on Nov 28, 2021.
             Was a Believer of Uskayaw.
             Slain by a gnoll (2 damage)
             ... on level 6 of the Dungeon.
             The game lasted 00:18:50 (9988 turns).

sum1won the Slicer (Kobold Delver)                  Turns: 9988, Time: 00:18:51

Health: 0/65       AC:  6    Str: 12    XL:     10   Next: 17%
Magic:  11/11      EV: 19    Int: 12    God:    Uskayaw [**....]
Gold:   326        SH:  8    Dex: 24    Spells: 9/9 levels left

rFire   + . .      SeeInvis .   F - +2 dagger (drain)
rCold   + . .      Faith    .   u - +0 buckler
rNeg    . . .      Spirit   .   E - +2 robe "Pecoh" {rElec Dex+7}
rPois   +          Reflect  .   m - +0 helmet
rElec   +          Harm     .   r - +0 cloak
rCorr   +          Rampage  .   (no gloves)
Will    .....                   (no boots)
Stlth   +++++.....              (no amulet)
HPRegen 0.20/turn               (no ring)
MPRegen 0.12/turn               (no ring)

@: brilliant, lethally poisoned (0 -> -8), resistant, attractive
A: small, no large weapons, nightstalker 3
a: Renounce Religion, Stomp, Line Pass


You were on level 6 of the Dungeon.
You worshipped Uskayaw.
Uskayaw was noncommittal.
You visited 2 branches of the dungeon, and saw 7 of its levels.

You collected 341 gold pieces.
You spent 15 gold pieces at shops.

Inventory:

Hand Weapons
 a - a +1 short sword
 F - a +2 dagger of draining (weapon)
Missiles
 A - 2 throwing nets
Armour
 b - a +0 leather armour
 k - the +1 leather armour of Xaewadan {-Cast rPois rN+++ Str-2}
   (You found it on level 4 of the Dungeon)

   Str:       It affects your strength (-2).
   rPois:     It protects you from poison.
   rN:        It renders you almost immune to negative energy.
   -Cast:     It prevents spellcasting.
 m - a +0 helmet (worn)
 r - a +0 cloak (worn)
 u - a +0 buckler (worn)
 E - the +2 robe "Pecoh" (worn) {rElec Dex+7}
   (You found it on level 6 of the Dungeon)

   Dex:       It affects your dexterity (+7).
   rElec:     It insulates you from electricity.
Jewellery
 h - a ring of see invisible
 w - an amulet of regeneration
Wands
 g - a wand of digging (3)
 i - a wand of polymorph (5)
 n - a wand of iceblast (6) (quivered)
 y - a wand of paralysis (17)
Scrolls
 c - 2 scrolls of fog
 d - a scroll of magic mapping
 e - 2 scrolls of fear
 j - a scroll of teleportation
 l - 2 scrolls of enchant weapon
 o - a scroll of blinking
 t - a scroll of vulnerability
 v - a scroll of torment
 B - a scroll of immolation {unknown}
 C - a scroll of silence {unknown}
Potions
 z - 2 potions of degeneration
 D - a potion of invisibility {unknown}
 G - a potion of might {unknown}
Miscellaneous
 p - a condenser vane


   Skills:
 - Level 8.4 Fighting
 + Level 10.0 Short Blades
 * Level 5.3 Dodging
 - Level 7.2 Stealth
 - Level 5.6 Shields
 + Level 2.3 Invocations
 * Level 3.0 Evocations


You had 9 spell levels left.
You didn't know any spells.
Your spell library contained the following spells:

 Spells                   Type           Power      Damage    Failure   Level
 Animate Skeleton         Necr           0%         N/A       32%         1
 Apportation              Tloc           0%         N/A       32%         1
 Summon Small Mammal      Summ           0%         N/A       32%         1
 Ensorcelled Hibernation  Hex/Ice        0%         N/A       45%         2
 Static Discharge         Conj/Air       0%         N/A       45%         2
 Call Canine Familiar     Summ           0%         N/A       69%         3
 Summon Guardian Golem    Hex/Summ       0%         N/A       69%         3
 Tukima's Dance           Hex            0%         N/A       69%         3
 Dispel Undead            Necr           0%         3d6       97%         4
 Sticky Flame             Conj/Fire      0%         2d3       97%         4
 Fireball                 Conj/Fire      0%         3d3       100%        5
 Starburst                Conj/Fire      0%         6d3       100%        6
 Ignition                 Fire           0%         3d3       100%        8


Dungeon Overview and Level Annotations

Branches:
Dungeon (6/15)             Temple (1/1) D:4

Altars:
Ashenzari
Dithmenos
Elyvilon
Fedhas
Gozag
Hepliaklqana
Makhleb
Nemelex Xobeh
Qazlal
Ru
Sif Muna
Trog
Uskayaw
Vehumet
Wu Jian
Xom
Yredelemnul
The Shining One

Shops:
D:4 :   D:5 !   D:6 *

Annotations:
D:5 2 transporters, Daunt's ghost, amateur MiCK


Innate Abilities, Weirdness & Mutations

You are small and have problems with some larger weapons.
You are completely attuned to the shadows.


Message History

You feel sick. You block the gnoll sergeant's attack.
The gnoll completely misses you.
It was a potion of attraction.
You feel attractive to monsters.
You feel sick. You block the gnoll sergeant's attack.
The gnoll hits you with a +2 spear of venom.
* * * LOW HITPOINT WARNING * * *
You are lethally poisoned!
You feel better. You block the gnoll sergeant's attack.
The gnoll hits you with a +2 spear of venom!
* * * LOW HITPOINT WARNING * * *
You hit the gnoll.
The gnoll is heavily wounded.
You hit the gnoll. You drain the gnoll.
The gnoll is severely wounded.
The gnoll sergeant completely misses you.
The gnoll hits you with a +2 spear of venom.
* * * LOW HITPOINT WARNING * * *
You are lethally poisoned!
You can now pass through a line of other dancers.
You feel better.
The gnoll sergeant hits you from afar with a +2 spear of venom.
* * * LOW HITPOINT WARNING * * *
You are lethally poisoned!
You block the gnoll's attack.
It was a potion of resistance.
You feel protected.
* * * LOW HITPOINT WARNING * * *
You feel very sick. You block the gnoll sergeant's attack.
You block the gnoll's attack.
You barely miss the gnoll.
The gnoll is severely wounded.
* * * LOW HITPOINT WARNING * * *
You feel sick.
You hit the gnoll but do no damage. You drain the gnoll.
The gnoll is almost dead.
* * * LOW HITPOINT WARNING * * *
You feel sick. You block the gnoll sergeant's attack.
The gnoll hits you with a +2 spear of venom.
You die...

####....#......
#.......#......
#.####..#...... #)#
#........#
####)#####.......#
#..)(##...........
#.##....≈≈≈≈≈≈≈≈≈≈
##.##.(.≈≈.......g≈
#.@#(.≈≈≈.....##..g
#..gg≈≈......####..
#....≈......#
#..........
#.........
#........ #....≈..#
#....≈.## #....≈.#


You could see a gnoll sergeant (drained) and a gnoll (drained).

Vanquished Creatures
  Pikel (D:5)
  Grinder (D:4)
  A water moccasin (D:5)
  An ice beast (D:6)
  A black bear (D:5)
  2 sky beasts
  A necrophage (D:4)
  2 ogres
  2 phantoms
  A bullfrog (D:4)
  3 gnoll sergeants
  4 scorpions
  A water moccasin skeleton (D:5)
  An electric eel (D:6)
  A bullfrog zombie (D:6)
  3 jellies
  A gnoll shaman (D:6)
  4 orc priests
  Crazy Yiuf (D:2)
  13 hounds
  Jessica (D:2)
  Ijyb (D:4)
  A killer bee zombie (D:6)
  A hound skeleton (D:5)
  22 gnolls
  8 adders
  2 shadow imps
  An ufetubus (D:5)
  An adder skeleton (D:4)
  A dart slug (D:1)
  8 orcs
  8 ball pythons
  3 bats
  6 endoplasms
  4 giant cockroaches
  7 goblins
  6 hobgoblins
  3 jackals (D:6)
  4 kobolds
  8 quokkas
  2 frilled lizards
  3 rats
146 creatures vanquished.

Vanquished Creatures (others)
  20 plants (D:5)
20 creatures vanquished.

Grand Total: 166 creatures vanquished

Notes
Turn   | Place    | Note
-------+----------+-------------------------------------------
     0 | D:5      | sum1won the Kobold Delver began the quest for the Orb.
     0 | D:5      | Reached XP level 1. HP: 14/14 MP: 1/1
    15 | D:4      | Noticed an orc priest
    53 | D:4      | Reached skill level 3 in Short Blades
    81 | D:4      | Reached XP level 2. HP: 16/19 MP: 2/2
   122 | D:4      | Found a staircase to the Ecumenical Temple.
   136 | Temple   | Entered the Ecumenical Temple
   273 | Temple   | Became a worshipper of Uskayaw the Reveller
   417 | D:4      | Noticed Ijyb
   421 | D:4      | Reached * piety under Uskayaw
   425 | D:4      | Killed Ijyb
   426 | D:4      | Reached skill level 4 in Short Blades
   426 | D:4      | Reached XP level 3. HP: 17/23 MP: 3/3
   524 | D:4      | Noticed a necrophage
   528 | D:4      | Reached ** piety under Uskayaw
   529 | D:4      | Killed a necrophage
   530 | D:4      | Reached skill level 6 in Short Blades
   530 | D:4      | Reached XP level 4. HP: 28/28 MP: 4/4
   530 | D:4      | Reached XP level 5. HP: 32/32 MP: 5/5
   531 | D:4      | Found Muqozoph's Self-Improvement Boutique.
   686 | D:4      | Reached skill level 7 in Short Blades
   707 | D:4      | Reached XP level 6. HP: 37/37 MP: 6/6
  1140 | D:4      | Identified the +1 leather armour of Xaewadan {-Cast rPois
                  | rN+++ Str-2}
  1785 | D:3      | Noticed a sky beast
  1789 | D:3      | Killed a sky beast
  1790 | D:3      | Reached skill level 8 in Short Blades
  1790 | D:3      | Reached XP level 7. HP: 43/43 MP: 7/7
  2222 | D:2      | Found a runed translucent door.
  2225 | D:2      | Noticed Crazy Yiuf
  2230 | D:2      | Killed Crazy Yiuf
  3069 | D:2      | Noticed Jessica
  3073 | D:2      | Killed Jessica
  3237 | D:2      | Found a shimmering altar of Xom.
  3444 | D:4      | Reached *** piety under Uskayaw
  3764 | D:4      | Reached skill level 9 in Short Blades
  3764 | D:4      | Reached skill level 1 in Shields
  3764 | D:4      | Reached XP level 8. HP: 14/48 MP: 8/8
  4891 | D:5      | Noticed Grinder
  4936 | D:4      | Killed Grinder
  4937 | D:4      | Reached skill level 5 in Fighting
  5121 | D:5      | HP: 2/50 [poisoned by a scorpion]
  5422 | D:5      | Reached **** piety under Uskayaw
  5487 | D:5      | Noticed Pikel
  5508 | D:5      | Killed Pikel
  5509 | D:5      | Reached XP level 9. HP: 11/57 MP: 9/9
  5841 | D:5      | Reached skill level 1 in Evocations
  6084 | D:5      | Reached skill level 5 in Shields
  7017 | D:5      | Found Velonuc's Distillery.
  7020 | D:5      | Bought a potion of degeneration for 15 gold pieces
  7149 | D:5      | Noticed Daunt's ghost (amateur MiCK)
  7152 | D:5      | Found a transporter.
  7153 | D:5      | Found a transporter.
  7307 | D:6      | Reached skill level 1 in Invocations
  8702 | D:6      | Reached XP level 10. HP: 63/64 MP: 11/11
  9007 | D:6      | Found Sofimp's Fire Supplies.
  9114 | D:6      | HP: 1/65 [ice beast (8)]
  9503 | D:6      | Identified the +2 robe "Pecoh" {rElec Dex+7}
  9678 | D:6      | Reached skill level 5 in Dodging
  9699 | D:6      | Reached skill level 10 in Short Blades
  9717 | D:6      | Reached ***** piety under Uskayaw
  9984 | D:6      | HP: 3/65 [gnoll (6)]
  9988 | D:6      | Slain by a gnoll

Illustrated notes

Levels and vault maps discovered:
D:1:      noname_arrival_rooms_in_the_neighbourhood, layout_rooms
D:2:      layout_loops_cross, basic_altar, uniq_crazy_yiuf_cottage, uniq_jessica
D:3:      layout_rooms
D:4:      layout_gridville, minmay_temple_entry_offerings,
          nicolae_shop_self_help, uniq_ijyb
D:5:      layout_cave_pools, serial_shops, nicolae_shop_trees,
          gammafunk_ghost_hive, serial_bayou_lagoon_a, abandoned_shop,
          minmay_checkerbox, uniq_grinder, uniq_pikel
D:6:      layout_cave_pools, serial_gnoll_camp, gnoll_camp_huts_moat,
          gnoll_camp_mini_loothouse, gnoll_camp_mini_hut, gnoll_camp_mini_hut,
          gnoll_camp_mini_hut, gnoll_camp_mini_doghouse, nicolae_shop_fire_sale
          [nicolae_sub_dead_trees]
Temple:   regret_index_temple_mists

Skill      XL: |  1  2  3  4  5  6  7  8  9 10 |
---------------+-------------------------------+-----
Short Blades   | 3 4 6 7 8 9 10 | 10.0
Dodging        | 3 4 5 |  5.3
Fighting       | 4 7 8 |  8.4
Stealth        | 7 |  7.2
Shields        | 1 4 5 |  5.6
Evocations     | 2 3 |  3.0
Invocations    | 1 2 |  2.3

Action                   |  1- 3 |  4- 6 |  7- 9 | 10-12 || total
-------------------------+-------+-------+-------+-------++-------
Melee: Short sword       |    17 |    80 |   583 |    64 ||   744
       Dagger            |       |       |       |    80 ||    80
Invok: Stomp             |       |       |     1 |       ||     1
       Line Pass         |       |       |     1 |       ||     1
Evoke: Wand              |       |       |     3 |       ||     3
  Use: Potion            |       |     1 |     1 |     8 ||    10
       Scroll            |       |       |     5 |       ||     5
 Stab: Sleeping          |     6 |    10 |    30 |     6 ||    52
       Paralysed         |       |       |     7 |     3 ||    10
       Distracted        |       |       |     2 |     1 ||     3
Armor: Leather armour    |     1 |    12 |    79 |    10 ||   102
       Robe              |       |       |       |     6 ||     6
Dodge: Dodged            |     5 |    26 |   250 |    78 ||   359
Block: Buckler           |       |       |    95 |    50 ||   145

Table legend: (Time is in decaauts)
 A = Elapsed time spent in this place.
 B = Non-inter-level travel time spent in this place.
 C = Inter-level travel time spent in this place.
 D = Time resting spent in this place.
 E = Time spent auto-exploring this place.
 F = Levels seen in this place.
 G = Mean time per level.
                   A        B        C        D        E       F      G
               +--------+--------+--------+--------+--------+-----+--------+
         Total |   9781 |   9301 |    480 |      0 |   7639 |   7 | 1397.3 |
       Dungeon |   9441 |   8988 |    453 |      0 |   7359 |   6 | 1573.5 |
        Temple |    340 |    313 |     27 |      0 |    280 |   1 |  340.0 |
               +--------+--------+--------+--------+--------+-----+--------+

Top non-repeatable levels by time:
     D:5: 2883 daAuts
     D:4: 2566 daAuts
     D:6: 1452 daAuts
     D:3: 1196 daAuts
     D:2: 762 daAuts
     D:1: 580 daAuts
  Temple: 340 daAuts
